 Dungeon Crawl Stone Soup version 0.28-a0-1080-g05a166d0ed (webtiles) character file.

Game seed: 18062322478731563867

58 Redcow54321 the Skirmisher (level 3, -3/29 HPs)
             Began as a Demonspawn Abyssal Knight on Dec 9, 2021.
             Was a Follower of Lugonu.
             Slain by a gnoll (4 damage)
             ... on level 2 of the Dungeon.
             The game lasted 00:04:29 (2061 turns).

Redcow54321 the Skirmisher (DsAK)                   Turns: 2061, Time: 00:04:30

Health: -3/29      AC:  4    Str: 15    XL:     3   Next: 76%
Magic:  4/4        EV: 11    Int: 11    God:    Lugonu [*.....]
Gold:   64         SH:  0    Dex: 19    Spells: 2/2 levels left

rFire   . . .      SeeInvis .     - Unarmed
rCold   . . .      Faith    .   (no shield)
rNeg    . . .      Spirit   .   b - +0 leather armour
rPois   .          Reflect  .   d - +0 helmet
rElec   .          Harm     .   (no cloak)
rCorr   .          Rampage  .   (no gloves)
Will    .....                   (no boots)
Stlth   +.........              (no amulet)
HPRegen 0.09/turn               i - +6 ring of dexterity
MPRegen 0.09/turn               (no ring)

@: no status effects
A: demonic touch 1
a: Renounce Religion, Depart the Abyss


You were on level 2 of the Dungeon.
You worshipped Lugonu.
Lugonu was aware of your devotion.
You visited 1 branch of the dungeon, and saw 2 of its levels.
You visited the Abyss 1 time.

You collected 64 gold pieces.

Inventory:

Hand Weapons
 a - a +1 falchion
Armour
 b - a +0 leather armour (worn)
 d - a +0 helmet (worn)
Jewellery
 i - a +6 ring of dexterity (left hand)
Scrolls
 c - a scroll of immolation {unknown}
 f - 4 scrolls of teleportation {unknown}
 g - a scroll of identify {unknown}
 h - a scroll of magic mapping {unknown}
Potions
 e - a potion of attraction {unknown}


   Skills:
 - Level 3.0 Fighting
 - Level 2.8 Long Blades
 - Level 1.7 Armour
 - Level 0.8 Dodging
 * Level 2.2 Unarmed Combat
 - Level 2.4 Invocations


You had 2 spell levels left.
You didn't know any spells.
Your spell library was empty.

Dungeon Overview and Level Annotations

Branches:
Dungeon (2/15)

Altars:


Innate Abilities, Weirdness & Mutations

Your touch may inflict minor irresistible damage on your foes.


Message History

The gnoll barely misses you.
You barely miss the gnoll. The gnoll barely misses you. x2
You hit the gnoll but do no damage. The gnoll barely misses you.
You hit the gnoll.
You touch the gnoll.
The gnoll is heavily wounded.
The gnoll hits you but does no damage. The gnoll hits you with a +0 whip!
You hit the gnoll.
You touch the gnoll.
You kill the gnoll!
Lugonu accepts your kill. The gnoll closely misses you.
Your Unarmed Combat skill increases to level 2!
You hit the gnoll.
The gnoll is moderately wounded.
The gnoll hits you with a +0 whip!
* * * LOW HITPOINT WARNING * * *
You barely miss the gnoll.
You touch the gnoll.
The gnoll is severely wounded.
The gnoll barely misses you.
You hit the gnoll.
The gnoll is severely wounded.
The gnoll hits you with a +0 whip.
* * * LOW HITPOINT WARNING * * *
Things that are here:
a +0 spear; a throwing net; a gnoll corpse You hit the gnoll.
You kill the gnoll!
Lugonu accepts your kill.
You start resting.
A gnoll is nearby!
The gnoll shouts!
The gnoll hits you with a +0 flail.
You barely miss the gnoll. Your touch misses the gnoll.
The gnoll hits you with a +0 flail!
* * * LOW HITPOINT WARNING * * *
You hit the gnoll.
You touch the gnoll.
The gnoll is moderately wounded.
You barely miss the gnoll.
The gnoll is moderately wounded.
The gnoll hits you with a +0 flail.
You die...

######### #..@g.).#
#.#####.# #.## ##.......#
...# #. .....#..# . ....
#.##.##.#.g####.... ...#
#.##.##....g.g.g.# ...#
###..........#####.# ...#
#.......†.#.#####
...######.......).......#


You could see a gnoll.

Vanquished Creatures
  3 gnolls (D:2)
  3 ball pythons
  3 endoplasms (D:1)
  3 hobgoblins
  2 quokkas
  3 bats (D:1)
  3 frilled lizards (D:1)
  3 goblins
  6 kobolds
  4 rats
33 creatures vanquished.

Notes
Turn   | Place    | Note
-------+----------+-------------------------------------------
     0 | Abyss:1  | Redcow54321 the Demonspawn Abyssal Knight began the quest
                  | for the Orb.
     0 | Abyss:1  | Reached XP level 1. HP: 18/18 MP: 2/2
    63 | Abyss:1  | Noticed a small abomination
    67 | Abyss:1  | Noticed a wretched star
    77 | D:1      | Escaped the Abyss
   389 | D:1      | Found a faded altar of an unknown god.
   856 | D:1      | Gained mutation: Your touch may inflict minor irresistible
                  | damage on your foes. [demonic ancestry]
   856 | D:1      | Reached XP level 2. HP: 24/24 MP: 3/3
  1265 | D:1      | Reached * piety under Lugonu
  1790 | D:2      | Reached skill level 1 in Unarmed Combat
  1844 | D:2      | Reached XP level 3. HP: 28/29 MP: 4/4
  2059 | D:2      | HP: 1/29 [gnoll (12)]
  2061 | D:2      | Slain by a gnoll

Illustrated notes

Levels and vault maps discovered:
D:1:      beargit_arrival_diablo_church, layout_basic,
          chequers_ecumenical_altar_island, serial_co_window_serial,
          co_window_paths_a, co_window_paths_a, co_window_paths_a,
          co_window_of_opportunity_a, co_window_corner_a, co_window_cross_1,
          co_window_paths_b, co_window_corner_b, co_window_of_opportunity_c,
          co_window_of_opportunity_c, co_window_2corner, glass_columns_b
D:2:      layout_loops_cross, minmay_ruptured, uniq_natasha

Skill      XL: |  1  2  3 |
---------------+----------+-----
Long Blades    | 2 |  2.8
Unarmed Combat | 1 2 |  2.2
Fighting       | |  3.0
Armour         | |  1.7
Dodging        | |  0.8
Invocations    | |  2.4

Action                   || total
-------------------------++-------
Melee: Falchion          ||    45
       Unarmed           ||    42
       Touch             ||    13
Invok: Depart the Abyss  ||     1
Armor: Leather armour    ||    21
Dodge: Dodged            ||    71

Table legend: (Time is in decaauts)
 A = Elapsed time spent in this place.
 B = Non-inter-level travel time spent in this place.
 C = Inter-level travel time spent in this place.
 D = Time resting spent in this place.
 E = Time spent auto-exploring this place.
 F = Levels seen in this place.
 G = Mean time per level.
                   A        B        C        D        E       F      G
               +--------+--------+--------+--------+--------+-----+--------+
         Total |   2066 |   2046 |     20 |    546 |   1198 |   3 |  688.7 |
       Dungeon |   1989 |   1969 |     20 |    546 |   1170 |   2 |  994.5 |
         Abyss |     77 |     77 |      0 |      0 |     28 |   1 |   77.0 |
               +--------+--------+--------+--------+--------+-----+--------+

Top non-repeatable levels by time:
     D:1: 1715 daAuts
     D:2: 274 daAuts
 Abyss:1: 77 daAuts
